 Dungeon Crawl Stone Soup version 0.18.1-50-g88ac8fd (webtiles) character file.

73 urga the Skirmisher (level 4, 0/31 HPs)
             Began as an Octopode Abyssal Knight on Oct 1, 2016.
             Was a Believer of Lugonu.
             Slain by Grinder (1 damage)
             ... on level 3 of the Dungeon.
             The game lasted 00:04:49 (2035 turns).

urga the Skirmisher (Octopode Abyssal Knight)       Turns: 2035, Time: 00:04:50

Health: 0/31       AC:  1    Str: 11 (12) XL:     4   Next: 27%
Magic:  5/5        EV: 12    Int: 14      God:    Lugonu [**....]
Gold:   172        SH:  3    Dex: 11      Spells: 0 memorised, 3 levels left

rFire  . . .     SeeInvis .     a - +1 mace
rCold  . . .     Gourm    .     h - +0 buckler
rNeg   . . .     Faith    .     (helmet restricted)
rPois  .         Spirit   .     (no amulet)
rElec  .         Dismiss  .     g - ring of resist corrosion
rCorr  +         Reflect  .     (no ring)
SustAt .         Harm     .     (no ring)
MR     .....                    (no ring)
Stlth  ++........               (no ring)
                                (no ring)
                                (no ring)
                                (no ring)

@: lethally poisoned (0 -> -3), not resistant to hostile enchantments,
unstealthy
A: almost no armour, amphibious, 8 rings, constrict 8, camouflage 1,
deterioration 1, gelatinous body 1
a: Depart the Abyss, Bend Space, Renounce Religion


You were on level 3 of the Dungeon.
You worshipped Lugonu.
Lugonu was pleased with you.
You were not hungry.

You visited 1 branch of the dungeon, and saw 3 of its levels.
You visited the Abyss 1 time.

You collected 172 gold pieces.

Inventory:

Hand Weapons
 a - a +1 mace (weapon)
 r - a +0 dagger of protection
Armour
 h - a +0 buckler (worn)
Jewellery
 g - a ring of resist corrosion (left tentacle)
 k - an uncursed ring of poison resistance {unknown}
Wands
 j - a wand of lightning (2/15)
Scrolls
 d - 3 scrolls of identify {unknown}
 e - a scroll of fog {unknown}
 f - 4 scrolls of teleportation {unknown}
 l - 2 scrolls of fear {unknown}
 m - a scroll of remove curse {unknown}
 t - a scroll of enchant weapon {unknown}
Potions
 c - a potion of degeneration {unknown}
 o - a potion of berserk rage {unknown}
 p - a potion of mutation
 v - a potion of flight {unknown}
 w - a potion of curing {unknown}
Comestibles
 b - 3 bread rations
 i - 2 meat rations
 n - a royal jelly
 q - a slice of pizza
 s - a beef jerky


   Skills:
 - Level 3.2 Fighting
 * Level 3.2 Maces & Flails
 + Level 3.1 Dodging
 + Level 0.4 Shields
 + Level 2.4 Invocations


You had 3 spell levels left.
You didn't know any spells.

Dungeon Overview and Level Annotations

Branches:
Dungeon (3/15)

Altars:
Kikubaaqudgha
Trog
The Shining One

Annotations:
D:3 Grinder


Innate Abilities, Weirdness & Mutations

You cannot wear most types of armour.
You are amphibious.
You can wear up to eight rings at the same time.
You can use your tentacles to constrict eight enemies at once.
Your skin changes colour to match your surroundings (Stealth).
Your rubbery body absorbs attacks (AC +1).
Your body sometimes deteriorates upon taking damage.


Message History

Grinder is severely wounded.
You constrict Grinder. Grinder hits you.
* * * LOW HITPOINT WARNING * * *
You writhe in agony.
* * * LOW HITPOINT WARNING * * *
Grinder gestures at you.
You suddenly lose the ability to move!
You lose your grip on Grinder.
You feel sick.
Grinder blinks!
You feel sick.
You can move again.
Drink which item? (? for menu, Esc to quit)
It was a potion of mutation.
You feel extremely strange.
You feel your magical essence link to your wands.
Your magical essence is no longer linked to your wands.
You feel yourself wasting away. Grinder hits you!
* * * LOW HITPOINT WARNING * * *
Your body deteriorates!
You feel weakened.
You writhe in agony.
You die...

#........# #........#
#........# #........#
######### #........#
#.......######....)...#
#.........(...........#
#.!...)?.((.........#.#
#.....)@........#####>#
#...(.5.######### .#
#.......# #.......#
#........ .....####
#.#.. #.#..


You could see Grinder.

Vanquished Creatures
  An adder (D:2)
  An ooze (D:3)
  2 dart slugs (D:1)
  A giant gecko (D:2)
  2 orcs (D:3)
  9 bats
  2 giant cockroaches (D:1)
  8 goblins
  5 hobgoblins
  3 jackals (D:3)
  2 giant newts (D:1)
  11 kobolds
  3 rats
50 creatures vanquished.

Notes
Turn   | Place    | Note
--------------------------------------------------------------
     0 | Abyss:1  | urga the Octopode Abyssal Knight began the quest for the Orb.
     0 | Abyss:1  | Reached XP level 1. HP: 16/16 MP: 2/2
    32 | Abyss:1  | Noticed an ancient zyme
    53 | Abyss:1  | Noticed a neqoxec
    54 | D:1      | Escaped the Abyss
   164 | D:1      | Reached * piety under Lugonu
   164 | D:1      | Reached XP level 2. HP: 21/21 MP: 3/3
   883 | D:1      | Reached XP level 3. HP: 26/26 MP: 4/4
  1089 | D:2      | Found a glowing golden altar of the Shining One.
  1256 | D:2      | Found a bloodstained altar of Trog.
  1262 | D:2      | Reached ** piety under Lugonu
  1696 | D:3      | Reached XP level 4. HP: 31/31 MP: 5/5
  1710 | D:3      | Found an ancient bone altar of Kikubaaqudgha.
  2024 | D:3      | Noticed Grinder
  2030 | D:3      | Paralysed by Grinder for 5 turns
  2035 | D:3      | Gained mutation: You expend magic power (3 MP) to strengthen your wands. [potion of mutation]
  2035 | D:3      | Lost mutation: You expend magic power (3 MP) to strengthen your wands. [potion of mutation]
  2035 | D:3      | Gained mutation: Your body sometimes deteriorates upon taking damage. [potion of mutation]
  2035 | D:3      | HP: 1/31 [Grinder (11)]
  2035 | D:3      | Slain by Grinder

Skill      XL: |  1  2  3 |
---------------+----------+-----
Maces & Flails | 3 |  3.2
Dodging        | 3 |  3.1
Fighting       | |  3.2
Shields        | |  0.4
Invocations    | |  2.4

Action                   |  1- 3 |  4- 6 || total
-------------------------+-------+-------++-------
Melee: Mace              |    66 |    18 ||    84
       Constrict         |    17 |     2 ||    19
       Tentacles         |    10 |     1 ||    11
Invok: Depart the Abyss  |     1 |       ||     1
Evoke: Wand              |       |     2 ||     2
  Use: Potion            |       |     1 ||     1
 Stab: Sleeping          |     7 |     3 ||    10
  Eat: Meat ration       |     1 |       ||     1
Armor: Skin              |     8 |     5 ||    13
Dodge: Dodged            |    40 |    12 ||    52
Block: Buckler           |     9 |     3 ||    12
